 Dungeon Crawl Stone Soup version 0.26-a0-651-gb41185065b (webtiles) character file.

Game seed: 6394922518410403384

2562 Irenicus the Carver (level 9, -1/70 HPs)
             Began as a Minotaur Chaos Knight on Oct 29, 2020.
             Was a Plaything of Xom.
             Slain by a warg (12 damage)
             ... on level 8 of the Dungeon.
             The game lasted 00:12:35 (4618 turns).

Irenicus the Carver (Minotaur Chaos Knight)         Turns: 4618, Time: 00:12:36

Health: -1/70      AC:  9    Str: 24    XL:     9   Next: 31%
Magic:  0/8        EV: 11    Int:  7    God:    Xom [*.....]
Gold:   385        SH:  0    Dex: 14    Spells: 8/8 levels left

rFire    . . .     SeeInvis +   a - +0 falchion (chaos)
rCold    . . .     Faith    .   (no shield)
rNeg     . . .     Spirit   +   z - +3 leather armour
rPois    .         Reflect  .   (helmet restricted)
rElec    .         Harm     .   d - +0 cloak (curse)
rCorr    .         Rampage  .   B - +0 pair of gloves
MR       .....                  b - +0 pair of boots
Stlth    ++........             j - amulet of guardian spirit {Spirit}
HPRegen  0.21/turn              w - +6 ring of strength
MPRegen  0.11/turn              v - ring of see invisible {sInv, !d}

@: mighty, flying, very slightly contaminated, invisible
A: retaliatory headbutt, horns 2, thin skeletal structure 1, dopey 1, sense
surroundings 1, screaming 2
a: Renounce Religion


You were on level 8 of the Dungeon.
You worshipped Xom.
You were a special plaything of Xom.
You visited 1 branch of the dungeon, and saw 8 of its levels.

You collected 410 gold pieces.
You spent 25 gold pieces at shops.

Inventory:

Hand Weapons
 a - a +0 falchion of chaos (weapon)
Armour
 b - a +0 pair of boots (worn)
   (You found it on level 6 of the Dungeon)
 d - a cursed +0 cloak (worn)
   (You found it on level 4 of the Dungeon)
 z - a +3 leather armour (worn)
   (You found it on level 5 of the Dungeon)
 B - a +0 pair of gloves (worn)
   (You found it on level 7 of the Dungeon)
Jewellery
 j - an amulet of guardian spirit (around neck) {Spirit}
   (You found it on level 2 of the Dungeon)
 o - an uncursed ring of protection from fire {rF+, !d}
   (You found it on level 5 of the Dungeon)
 v - a ring of see invisible (right hand) {sInv, !d}
   (You found it on level 4 of the Dungeon)
 w - a +6 ring of strength (left hand)
   (You found it on level 5 of the Dungeon)
Wands
 x - a wand of random effects (5)
   (You found it on level 5 of the Dungeon)
Scrolls
 c - 3 scrolls of fear {unknown}
 e - 10 scrolls of teleportation {unknown}
 f - 4 scrolls of identify
 g - 2 scrolls of enchant weapon {unknown}
 h - a scroll of blinking {unknown}
 k - 2 scrolls of enchant armour {unknown}
 m - 3 scrolls of remove curse {unknown}
 n - a scroll of immolation {unknown}
 p - 2 scrolls of amnesia {unknown}
 y - a scroll of random uselessness {unknown}
 A - a scroll of acquirement
Potions
 q - a potion of lignification {unknown}
 s - 2 potions of might
 t - a potion of flight
 u - a potion of mutation {unknown}


   Skills:
 - Level 3.6 Fighting
 + Level 14.7 Long Blades
 - Level 2.4 Armour
 - Level 1.1 Dodging


You had 8 spell levels left.
You didn't know any spells.
Your spell library contained the following spells:

 Spells                   Type           Power        Failure   Level
 Confusing Touch          Hex            #.......     85%         3
 Gell's Gravitas          Tloc           #.........   85%         3
 Petrify                  Tmut/Erth      #.......     99%         4
 Metabolic Englaciation   Hex/Ice        #.........   100%        5
 Yara's Violent Unravell  Hex/Tmut       #.........   100%        5


Dungeon Overview and Level Annotations

Branches:
Dungeon (8/15)             Temple (0/1) D:4            Lair (0/6) D:8

Altars:
Cheibriados
Kikubaaqudgha
Nemelex Xobeh
Xom

Shops:
D:5 =   D:6 [   D:7 !*[


Innate Abilities, Weirdness & Mutations

You reflexively headbutt those who attack you in melee.
You have a pair of horns on your head.
You have a somewhat thin skeletal structure. (Dex +2, Stealth)
You are dopey. (Int -2)
You passively map a small area around you.
You sometimes yell uncontrollably at your foes.


Message History

The puff of flame hits the sky beast!
The orc hits you but does no damage. The orc wizard closely misses you.
You furiously retaliate!
You headbutt the orc wizard!!
You kill the orc wizard!
The orc throws a stone.
The stone closely misses you.
The stone closely misses the warg.
The warg barely misses you.
The sky beast flickers out of sight for a moment.
The sky beast hits you but does no damage.
You regained 27 hp, and now have 36/70 hp.
You barely miss the sky beast.
The sky beast is moderately wounded.
The warg barely misses you. You furiously retaliate!
You headbutt the warg!
You riposte.
You barely miss the warg. Your headbutt misses the warg.
The warg is heavily wounded.
The orc closely misses you. The warg closely misses you.
You riposte.
You barely miss the warg.
The warg is moderately wounded.
The orc closely misses you. You furiously retaliate!
You headbutt the orc!
You kill the orc!
You hit the warg. You burn the warg.
The warg is severely wounded.
The sky beast closely misses you.
You riposte.
You barely miss the sky beast. You headbutt the sky beast!
The sky beast is severely wounded.
The warg barely misses you.
You riposte.
You hit the warg. You freeze the warg. Your headbutt misses the warg.
The warg is severely wounded.
The orc hits you with a +3 dagger.
You take 1 damage, and have 35/70 hp.
You miss the warg.
You headbutt the warg, but do no damage.
The warg is severely wounded.
The warg barely misses you. You furiously retaliate!
You headbutt the warg!
The sky beast hits you but does no damage.
The orc throws a stone.
The stone closely misses the sky beast.
The stone hits the orc but does no damage.
The warg bites you.
You take 1 damage, and have 34/70 hp.
You slash the warg!
You kill the warg!
The warg bites you. The orc hits you but does no damage.
You take 1 damage, and have 33/70 hp.
You miss the sky beast. You headbutt the sky beast!
You kill the sky beast!
The orc throws a stone.
The stone closely misses the orc wizard.
The stone barely misses the orc.
The warg bites you!
You take 7 damage, and have 26/70 hp.
The orc wizard hits you but does no damage.
The orc throws a stone.
The stone closely misses the orc wizard.
The stone closely misses you.
The stone hits the two-headed ogre.
Things that are here:
a +0 chain mail; a book of Cantrips; an orc corpse The orc wizard closely misses you.
You furiously retaliate!
You headbutt the orc wizard.
You riposte.
You slash the orc wizard!
The orc wizard's magic leaks into the air.
The orc wizard is severely wounded.
The orc hits you but does no damage.
You hit the warg. You freeze the warg.
The warg is heavily wounded.
The warg bites you.
You now have 0/8 mp.
You barely miss the warg. Your headbutt misses the warg.
The warg is heavily wounded.
The warg bites you. The orc misses you.
You take 3 damage, and have 23/70 hp.
You barely miss the warg. Your headbutt misses the warg.
The warg is heavily wounded.
The warg bites you.
* * * LOW HITPOINT WARNING * * *
You take 4 damage, and have 20/70 hp.
You closely miss the warg.
The warg is heavily wounded.
The warg bites you but does no damage.
It was a potion of flight.
You feel very buoyant.
You fly up into the air.
The orc throws a stone.
The stone hits the orc but does no damage.
The warg bites you.
* * * LOW HITPOINT WARNING * * *
The orc wizard points at you and mumbles some strange words.
You easily resist.
You take 6 damage, and have 14/70 hp.
The orc wizard gestures at the warg while chanting.
The orc resists with significant effort.
The warg bites you.
* * * LOW HITPOINT WARNING * * *
The orc shouts!
You take 2 damage, and have 12/70 hp.
The orc throws a stone.
The stone barely misses you.
You barely miss the warg.
The iguana hisses angrily.
Your headbutt misses the warg.
The warg is heavily wounded.
The warg bites you!
* * * LOW HITPOINT WARNING * * *
You take 11 damage, and have 2/70 hp.
You now have 0/8 mp.
You feel better. The warg bites you!
You die...

* ** #.#* * , #.# #*, ,
#.### .## , ##...####..###
##############.............,
...............#.....##.##*
* .###############.....# ##
#....<# #@....# ## ##h####*
##. ##..# #.###..o## *,*
#####.##.....##* *,
##.....#.(o≈[..# * , *
#..###.#([Oo...# ##.##
#.(.).......# , * #..#
#.))(.......# ,


You could see a warg and an orc.

Vanquished Creatures
  A vampire (D:6)
  A wyvern (D:8)
  A human (shapeshifter) (D:5)
  Eustachio (D:6)
  Menkaure (D:4)
  2 wargs (D:8)
  3 phantoms
  A necrophage (D:8)
  A sky beast (D:8)
  2 ogres
  2 centaurs
  A bullfrog (D:7)
  4 scorpions (D:4)
  A centaur zombie (D:7)
  A bullfrog zombie (D:7)
  A jelly (D:5)
  An orc priest (D:5)
  3 hounds
  Terence (D:2)
  An iguana (D:6)
  2 orc wizards
  5 worker ants
  A hound zombie (D:5)
  A gnoll (D:1)
  9 adders
  A white imp (D:5)
  An ooze (D:1)
  An ufetubus (D:6)
  2 worms
  2 dart slugs
  6 leopard geckos
  14 orcs
  7 bats
  3 giant cockroaches
  15 goblins
  10 hobgoblins
  14 jackals
  3 quokkas
  10 frilled lizards
  4 kobolds
  A leopard gecko skeleton (D:7)
  7 rats
149 creatures vanquished.

Vanquished Creatures (collateral kills)
  Robin (D:2)
  2 hobgoblins (D:2)
  4 goblins (D:2)
7 creatures vanquished.

Vanquished Creatures (others)
  2 plants (D:8)
2 creatures vanquished.

Grand Total: 158 creatures vanquished

Notes
Turn   | Place    | Note
-------+----------+-------------------------------------------
     0 | D:1      | Irenicus the Minotaur Chaos Knight began the quest for the
                  | Orb.
     0 | D:1      | Reached XP level 1. HP: 19/19 MP: 0/0
    23 | D:1      | Reached skill level 4 in Long Blades
    42 | D:1      | Reached XP level 2. HP: 22/26 MP: 1/1
   233 | D:1      | XOM: silly message
   241 | D:1      | XOM: divination: detect creatures
   246 | D:1      | Reached skill level 5 in Long Blades
   296 | D:1      | Reached XP level 3. HP: 31/31 MP: 2/2
   351 | D:1      | XOM: divination: magic mapping
   534 | D:2      | Reached XP level 4. HP: 37/39 MP: 3/3
   555 | D:2      | Reached skill level 6 in Long Blades
   703 | D:2      | Noticed Robin
   715 | D:2      | Killed Robin
   864 | D:2      | XOM: give mutations
   864 | D:2      | Gained mutation: You passively map a small area around you.
                  | [Xom's grace]
   864 | D:2      | Gained mutation: You have a somewhat thin skeletal
                  | structure. (Dex +2, Stealth) [Xom's grace]
   931 | D:2      | XOM: scenery: 1 doors open
  1005 | D:2      | Found a sparkling altar of Nemelex Xobeh.
  1058 | D:2      | Noticed Terence
  1064 | D:2      | Killed Terence
  1295 | D:2      | XOM: scenery: 1 doors close
  1510 | D:3      | Reached skill level 7 in Long Blades
  1510 | D:3      | Reached XP level 5. HP: 45/45 MP: 4/4
  1569 | D:3      | XOM: 2-stop teleportation journey
  1989 | D:4      | XOM: give mutation
  1989 | D:4      | Gained mutation: You have a pair of large horns on your
                  | head. [Xom's grace]
  2011 | D:4      | XOM: potion effect (brilliance)
  2029 | D:4      | Noticed Menkaure
  2030 | D:4      | XOM: butterfly on damage
  2035 | D:4      | Killed Menkaure
  2035 | D:4      | Reached skill level 8 in Long Blades
  2035 | D:4      | Reached XP level 6. HP: 25/51 MP: 2/5
  2066 | D:4      | XOM: god gift: robe {god gift}
  2100 | D:4      | XOM: summons 2 friendly demons
  2101 | D:4      | Reached skill level 9 in Long Blades
  2145 | D:4      | XOM: enchant monster (good)
  2145 | D:4      | HP: 8/51 [phantom (7)]
  2153 | D:4      | HP: 6/51 [phantom (4)]
  2156 | D:4      | XOM: potion effect (curing)
  2158 | D:4      | HP: 12/51 [phantom (5)]
  2170 | D:4      | HP: 10/51 [phantom (3)]
  2171 | D:4      | Reached XP level 7. HP: 12/57 MP: 1/6
  2272 | D:4      | Reached skill level 10 in Long Blades
  2479 | D:4      | Found a staircase to the Ecumenical Temple.
  2496 | D:4      | XOM: summons 5 friendly demons
  2594 | D:4      | Found a snail-covered altar of Cheibriados.
  2596 | D:4      | Found an ancient bone altar of Kikubaaqudgha.
  2613 | D:5      | Entered Level 5 of the Dungeon
  2614 | D:5      | Reached skill level 11 in Long Blades
  2688 | D:5      | XOM: silly message
  2741 | D:5      | XOM: divination: detect creatures
  2749 | D:5      | Reached XP level 8. HP: 42/64 MP: 3/7
  2749 | D:5      | XOM: enchant monster (good)
  2779 | D:5      | XOM: smoke on damage
  2830 | D:5      | Noticed a shapeshifter
  2830 | D:5      | a centaur changed into a shapeshifter
  2830 | D:5      | Noticed a wind drake
  2830 | D:5      | a shapeshifter changed into a wind drake
  2833 | D:5      | XOM: confuse monster(s)
  2844 | D:5      | XOM: potion effect (haste)
  2847 | D:5      | XOM: confusion (+ monsters)
  2891 | D:5      | XOM: polymorph orc -> adder
  2898 | D:5      | Reached skill level 12 in Long Blades
  2911 | D:5      | XOM: summons 3 friendly demons
  2928 | D:5      | Found Xonetyam's Jewellery Boutique.
  3263 | D:6      | Noticed Eustachio
  3266 | D:6      | XOM: blink monster(s)
  3267 | D:6      | XOM: scenery: create altars
  3272 | D:6      | XOM: repel stairs
  3275 | D:6      | Killed Eustachio
  3334 | D:6      | XOM: noise
  3452 | D:6      | XOM: confusion
  3461 | D:6      | Reached skill level 13 in Long Blades
  3592 | D:6      | XOM: noise
  3679 | D:6      | Found Nohuan's Armour Emporium.
  3784 | D:6      | XOM: summons 4 hostile shadow creatures
  3930 | D:7      | Found Utudenko's Book Shop.
  4063 | D:7      | Found Xoideo's Assorted Antiques.
  4070 | D:7      | Found Saic Ixo's Distillery.
  4074 | D:7      | Bought a scroll labeled QEAFOE IXEEMUA for 25 gold pieces
  4178 | D:7      | XOM: give mutations
  4178 | D:7      | Lost mutation: You have a pair of large horns on your head.
                  | [Xom's mischief]
  4178 | D:7      | Gained mutation: You occasionally shout uncontrollably at
                  | your foes. [Xom's mischief]
  4178 | D:7      | Gained mutation: You sometimes yell uncontrollably at your
                  | foes. [Xom's mischief]
  4178 | D:7      | Gained mutation: You are dopey. (Int -2) [Xom's mischief]
  4190 | D:7      | Found Hiycargh's Armour Shop.
  4501 | D:8      | Reached XP level 9. HP: 69/70 MP: 6/8
  4532 | D:8      | Reached skill level 14 in Long Blades
  4581 | D:8      | Found a staircase to the Lair.
  4589 | D:8      | XOM: swap monsters
  4589 | D:8      | Noticed a two-headed ogre
  4592 | D:8      | XOM: snakes to sticks
  4594 | D:8      | HP: 6/70 [warg (12)]
  4612 | D:8      | HP: 14/70 [warg (6)]
  4617 | D:8      | HP: 2/70 [warg (11)]
  4618 | D:8      | Slain by a warg

Illustrated notes

Levels and vault maps discovered:
D:1:      minmay_arrival_open_corners, layout_basic
D:2:      layout_basic, eino_tiny_chamber, hangedman_decor_growths,
          nemelex_lonely_heart_becter, uniq_terence, uniq_robin
D:3:      layout_basic, serial_curves, eino_curves_04, eino_curves_02
D:4:      layout_basic, nicolae_overflow_hidden_temple, temple_green,
          uniq_menkaure
D:5:      layout_basic, serial_shops, shop
D:6:      layout_layer_cave, serial_shops, kennysheep_mini_moat, uniq_eustachio
D:7:      layout_basic, serial_shops, shop, shop, nicolae_shop_behind_doors,
          nicolae_shop_window_shopping
D:8:      layout_rooms, erik_lair_orcish_takeover

Skill      XL: |  1  2  3  4  5  6  7  8  9 |
---------------+----------------------------+-----
Long Blades    | 4 5 7 8 9 11 13 14 | 14.7
Fighting       | |  3.6
Armour         | |  2.4
Dodging        | |  1.1

Action                   |  1- 3 |  4- 6 |  7- 9 || total
-------------------------+-------+-------+-------++-------
Melee: Falchion          |    49 |   115 |   197 ||   361
       Headbutt          |     4 |    17 |    48 ||    69
Evoke: Wand              |       |       |     5 ||     5
  Use: Potion            |       |     2 |    12 ||    14
       Scroll            |       |     1 |     1 ||     2
 Stab: Sleeping          |       |     3 |     4 ||     7
       Paralysed         |       |       |    14 ||    14
       Invisible         |       |       |     2 ||     2
Armor: Leather armour    |    16 |    50 |    59 ||   125
Dodge: Dodged            |    39 |    75 |   149 ||   263
       Rpst.: Falchion   |    12 |    16 |    32 ||    60

Table legend: (Time is in decaauts)
 A = Elapsed time spent in this place.
 B = Non-inter-level travel time spent in this place.
 C = Inter-level travel time spent in this place.
 D = Time resting spent in this place.
 E = Time spent auto-exploring this place.
 F = Levels seen in this place.
 G = Mean time per level.
                   A        B        C        D        E       F      G
               +--------+--------+--------+--------+--------+-----+--------+
         Total |   4542 |   4378 |    164 |      4 |   3358 |   8 |  567.8 |
       Dungeon |   4542 |   4378 |    164 |      4 |   3358 |   8 |  567.8 |
               +--------+--------+--------+--------+--------+-----+--------+

Top non-repeatable levels by time:
     D:2: 821 daAuts
     D:6: 766 daAuts
     D:3: 653 daAuts
     D:7: 649 daAuts
     D:4: 629 daAuts
     D:1: 508 daAuts
     D:5: 373 daAuts
     D:8: 142 daAuts

Table legend:
 A = Kills in this place as a percentage of kills in entire the game.
 B = Kills by you in this place as a percentage of kills by you in the entire game.
 C = Kills by friends in this place as a percentage of kills by friends in the entire game.
 D = Other kills in this place as a percentage of other kills in the entire game.
 E = Experience gained in this place as a percentage of experience gained in the entire game.
 F = Experience gained in this place divided by the number of levels of this place that you have seen.
                   A       B       C       D       E      F
               +-------+-------+-------+-------+-------+----------------------
         Total | 100.0 | 100.0 | 100.0 |   N/A | 100.0 | 457.6
       Dungeon | 100.0 | 100.0 | 100.0 |   N/A | 100.0 | 457.6
               +-------+-------+-------+-------+-------+----------------------
